 Dungeon Crawl Stone Soup version 0.31-a0-1104-g3bd3108 (webtiles) character file.

Game seed: 9190752806373806829

2565982 Kearsarge the Intangible (level 26, 206/206 HPs)
             Began as a Merfolk Gladiator on Dec 2, 2023.
             Was an Initiate of Gozag.
             Escaped with the Orb
             ... and 4 runes on Dec 3, 2023!
             The game lasted 01:45:58 (57566 turns).

Kearsarge the Intangible (Merfolk Gladiator)       Turns: 57566, Time: 01:45:59

Health: 206/206    AC: 40    Str: 22    XL:     26   Next: 21%
Magic:  23/23      EV: 26    Int:  8    God:    Gozag
Gold:   3428       SH: 31    Dex: 15    Spells: 25/25 levels left

rFire   + . .        s - +9 demon trident (chaos)
rCold   + . .        c - +10 tower shield of Ignorance {rN+ Int-4}
rNeg    + + .        (body armour currently unavailable)
rPois   ∞            P - +2 hood of the Assassin {Detect Stab+ Stlth++}
rElec   +            W - scarf {repulsion}
rCorr   .            (gloves currently unavailable)
SInv    +            (boots currently unavailable)
Will    ++...        T - amulet "Wotz" {Spirit rF+ Will+}
Stlth   +++          H - ring of see invisible
HPRegen 0.54/turn    Z - ring of protection from cold
MPRegen 0.18/turn

%: repel missiles, guardian spirit
@: statue-form, studying Poison Magic, very slow
A: slow and powerful, torment resistance 1, boosted hp, (nimble swimmer 2),
mertail, clever 1, clumsy 1, deformed body, frail 3, screaming 1, wild magic 1
0: Orb of Zot
}: 4/15 runes: barnacled, silver, abyssal, gossamer
a: Begin Untransformation, Renounce Religion, Potion Petition, Call Merchant,
Bribe Branch


You escaped.
You worshipped Gozag.
Gozag was most pleased with you.
You were a living statue of rough stone.
You visited 10 branches of the dungeon, and saw 48 of its levels.
You visited the Abyss 2 times.
You visited 1 bazaar.
You visited 1 ziggurat, and saw 8 of its levels.
You also visited: Sewer and Gauntlet.

You collected 27109 gold pieces.
You spent 3383 gold pieces at shops.
You paid 20298 gold pieces to Gozag.

Inventory:

Hand Weapons
 s - a +9 demon trident of chaos (weapon)
Missiles
 h - 15 javelins
 i - 23 silver javelins
 X - 8 throwing nets
Armour
 c - the +10 tower shield of Ignorance (worn) {rN+ Int-4}
   (You acquired it on level 2 of the Depths)

   Int-4:     It affects your intelligence (-4).
   rN+:       It protects you from negative energy.
 P - the +2 hood of the Assassin (worn) {Detect Stab+ Stlth++}
   (You found it on level 4 of the Shoals)

   Detect:    It allows the wearer to sense nearby creatures.
   Stab+:     It allows the wearer to make particularly effective stabbing
   attacks against helpless or unaware enemies with any weapon.
   Stlth++:   It makes you much more stealthy.
 W - a scarf of repulsion (worn)
Jewellery
 e - the ring "Ceatuhirghe" {rCorr Int+3}
   (You found it in a Gauntlet)

   [ring of resist corrosion]

   Int+3:     It affects your intelligence (+3).
   rCorr:     It protects you from acid and corrosion.
 k - a ring of protection from fire
 x - the ring of Vodka {rN+ Str+6}
   (You found it on level 5 of a ziggurat)

   [ring of strength]

   Str+6:     It affects your strength (+6).
   rN+:       It protects you from negative energy.
 H - a ring of see invisible (left fist)
 T - the amulet "Wotz" (around neck) {Spirit rF+ Will+}
   (You took it off a deep elf master archer on level 3 of the Elven Halls)

   [amulet of guardian spirit]

   Spirit:    It causes incoming damage to be divided between your reserves of
   health and magic.
   rF+:       It protects you from fire.
   Will+:     It increases your willpower.
 U - an amulet of regeneration
 Z - a ring of protection from cold (right fist)
Talismans
 d - a granite talisman (active)
Wands
 u - a wand of iceblast (22)
 v - a wand of charming (20)
 A - a wand of flame (83)
 C - a wand of mindburst (52)
 G - a wand of polymorph (4)
 J - a wand of digging (4)
 V - a wand of quicksilver (34)
Scrolls
 f - a scroll of blinking
 g - 4 scrolls of poison
 j - 8 scrolls of amnesia
 m - 4 scrolls of torment
 t - a scroll of enchant armour
 y - 2 scrolls of silence
 z - 6 scrolls of fear
 E - 15 scrolls of teleportation
 K - 5 scrolls of vulnerability
 Q - 3 scrolls of immolation
 R - a scroll of enchant weapon
 S - 3 scrolls of butterflies
 Y - 6 scrolls of fog
Potions
 a - a potion of might
 b - 13 potions of brilliance
 n - 21 potions of curing
 o - 6 potions of magic
 p - 6 potions of enlightenment
 q - a potion of invisibility
 r - 2 potions of cancellation
 B - 2 potions of berserk rage
 D - 8 potions of ambrosia
 I - 9 potions of heal wounds
 L - 3 potions of resistance
 M - 2 potions of haste
 N - 7 potions of attraction
 O - 5 potions of lignification
Miscellaneous
 l - a phantom mirror
 w - a lightning rod (4/4)
 F - a box of beasts


   Skills:
 - Level 23.1 Fighting
 - Level 25.0 Polearms
 - Level 2.0 Throwing
 O Level 27 Dodging
 - Level 10.8 Stealth
 + Level 19.6 Shields
 - Level 25.0 Shapeshifting


You had 25 spell levels left.
You didn't know any spells.
Your spell library contained the following spells:

 Spells                   Type           Power      Damage    Failure   Level
 Apportation              Tloc           0%         N/A       69%         1
 Freeze                   Ice            0%         1d3       69%         1
 Kiss of Death            Conj/Necr      0%         2d5       69%         1
 Magic Dart               Conj           0%         1d3       69%         1
 Necrotise                Necr           0%         1d4       69%         1
 Shock                    Conj/Air       0%         1d3       69%         1
 Slow                     Hex            0%         N/A       69%         1
 Sting                    Tmut/Pois      0%         1d3       69%         1
 Summon Small Mammal      Summ           0%         N/A       69%         1
 Call Imp                 Summ           0%         N/A       82%         2
 Cigotuvi's Dreadful Rot  Necr/Pois/Air  0%         N/A       82%         2
 Ensorcelled Hibernation  Hex/Ice        0%         N/A       82%         2
 Momentum Strike          Conj/Tloc      0%         3d8       82%         2
 Passwall                 Tmut/Erth      0%         N/A       82%         2
 Poisonous Vapours        Pois/Air       0%         N/A       82%         2
 Searing Ray              Conj           0%         2d4       82%         2
 Static Discharge         Conj/Air       0%         3-3/arc   82%         2
 Wereblood                Tmut           0%         N/A       82%         2
 Call Canine Familiar     Summ           0%         N/A       96%         3
 Confusing Touch          Hex            0%         N/A       96%         3
 Dazzling Flash           Conj/Hex       0%         N/A       96%         3
 Frozen Ramparts          Ice            0%         1d1       96%         3
 Gell's Gravitas          Tloc           0%         N/A       96%         3
 Hailstorm                Conj/Ice       0%         3d3       96%         3
 Mephitic Cloud           Conj/Pois/Air  0%         N/A       96%         3
 Ozocubu's Armour         Ice            0%         N/A       96%         3
 Sigil of Binding         Hex            0%         N/A       96%         3
 Summon Guardian Golem    Hex/Summ       0%         N/A       96%         3
 Swiftness                Air            0%         N/A       96%         3
 Teleport Other           Tloc           0%         N/A       96%         3
 Tukima's Dance           Hex            0%         N/A       96%         3
 Vampiric Draining        Necr           0%         2d6       96%         3
 Volatile Blastmotes      Fire/Tloc      0%         2d10      96%         3
 Airstrike                Air            0%         2d(0-16)  100%        4
 Anguish                  Hex/Necr       0%         N/A       100%        4
 Brom's Barrelling Bould  Conj/Erth      0%         2d3       100%        4
 Cause Fear               Hex            0%         N/A       100%        4
 Dimensional Bullseye     Hex/Tloc       0%         N/A       100%        4
 Dispel Undead            Necr           0%         3d6       100%        4
 Flame Wave               Conj/Fire      0%         2d4       100%        4
 Fulminant Prism          Conj/Hex       0%         3d5       100%        4
 Iskenderun's Mystic Bla  Conj/Tloc      0%         2d3       100%        4
 Leda's Liquefaction      Hex/Erth       0%         N/A       100%        4
 Olgreb's Toxic Radiance  Pois           0%         N/A       100%        4
 Passage of Golubria      Tloc           0%         N/A       100%        4
 Petrify                  Tmut/Erth      0%         N/A       100%        4
 Summon Ice Beast         Ice/Summ       0%         N/A       100%        4
 Vhi's Electric Charge    Tloc/Air       0%         N/A       100%        4
 Agony                    Necr           0%         N/A       100%        5
 Alistair's Intoxication  Tmut/Pois      0%         N/A       100%        5
 Arcjolt                  Conj/Air       0%         1d10      100%        5
 Borgnjor's Vile Clutch   Necr/Erth      0%         N/A       100%        5
 Fireball                 Conj/Fire      0%         3d3       100%        5
 Freezing Cloud           Conj/Ice/Air   0%         6-21      100%        5
 Irradiate                Conj/Tmut      0%         3d11      100%        5
 Iskenderun's Battlesphe  Conj           0%         2d6       100%        5
 Metabolic Englaciation   Hex/Ice        0%         N/A       100%        5
 Silence                  Hex/Air        0%         N/A       100%        5
 Summon Mana Viper        Hex/Summ       0%         N/A       100%        5
 Yara's Violent Unravell  Hex/Tmut       0%         3d3       100%        5
 Bombard                  Conj/Erth      0%         9d1       100%        6
 Conjure Ball Lightning   Conj/Air       0%         3x3d6     100%        6
 Death Channel            Necr           0%         N/A       100%        6
 Dispersal                Tloc           0%         N/A       100%        6
 Eringya's Noxious Bog    Tmut/Pois      0%         4d6       100%        6
 Plasma Beam              Fire/Air       0%         2x1d10    100%        6
 Starburst                Conj/Fire      0%         6d3       100%        6
 Enfeeble                 Hex            0%         N/A       100%        7
 Malign Gateway           Summ/Tloc      0%         N/A       100%        7
 Monstrous Menagerie      Summ           0%         N/A       100%        7
 Orb of Destruction       Conj           0%         9d5       100%        7
 Ozocubu's Refrigeration  Ice            0%         4d7       100%        7
 Spellforged Servitor     Conj/Summ      0%         N/A       100%        7
 Discord                  Hex            0%         N/A       100%        8
 Disjunction              Tloc           0%         N/A       100%        8
 Lehudib's Crystal Spear  Conj/Erth      0%         10d2      100%        8
 Maxwell's Capacitive Co  Air            0%         ∞         100%        8
 Summon Horrible Things   Summ           0%         N/A       100%        8
 Chain Lightning          Conj/Air       0%         N/A       100%        9
 Dragon's Call            Summ           0%         N/A       100%        9
 Sublimation of Blood     Necr           Unusable   N/A       N/A         2

Dungeon Overview and Level Annotations

Branches:
Dungeon (15/15)            Temple (1/1) D:6            Lair (5/5) D:8
 Shoals (4/4) Lair:3       Spider (4/4) Lair:2        Slime (0/5) Lair:4
    Orc (2/2) D:9             Elf (3/3) Orc:2        Vaults (5/5) D:13
  Crypt (0/3) Vaults:2     Depths (4/4) D:15            Zot (5/5) Depths:4
  Sewer (visited)         Gauntlet (visited)

Altars:
Ashenzari
Cheibriados
Dithmenos
Elyvilon
Fedhas
Gozag
Hepliaklqana
Kikubaaqudgha
Makhleb
Nemelex Xobeh
Okawaru
Qazlal
Ru
Sif Muna
Trog
Uskayaw
Vehumet
Wu Jian
Xom
Yredelemnul
Zin
The Shining One

Shops:
D:4 *   D:9 [   D:13 :   D:15 [:*?   Orc:1 ?   Orc:2 (??*=   Elf:1 *   Elf:2 :
Elf:3 :==*   Lair:2 [[   Shoals:2 [   Shoals:3 (**[   Spider:2 =   Vaults:1 [[
Vaults:2 [   Vaults:4 [   Depths:2 *

Portals:
Hell: Depths:1 Depths:2 Depths:3 Depths:4
Abyss: Depths:1 Depths:3
Pandemonium: Depths:1 Depths:2 Depths:3

Annotations:
D:3 1 runed translucent door, Crazy Yiuf, Natasha
D:4 Grinder
D:10 Boris
D:14 2 runed translucent doors
D:15 1 runed translucent door, Izoitieg's ghost, journeyman MiAr
Temple 2 transporters
Lair:4 exclusion: 3 oklob plants
Spider:1 3 runed translucent doors, tenshi1004's ghost, adept FeCK
Spider:2 Menu's ghost, adept MiWr; Teudis's ghost, adept OgIE
Elf:2 3 runed translucent doors
Depths:2 2 runed translucent doors, Ynau's ghost, veteran MiCA


Innate Abilities, Weirdness & Mutations

You are a living statue of rough stone.
Your actions are slow, but your melee attacks are powerful.
You are resistant to unholy torment.
Your maximum health is greatly increased.
Your equipment is partially melded.
You are immune to poison.
((You are very nimble when in or above water. (Stealth+, EV+, Speed+++)))
Your lower body shifts to a powerful aquatic tail in water.
Your mind is acute. (Int +4, Str/Dex -1)
You are clumsy. (Dex -2)
Armour fits poorly on your strangely shaped body.
You are extremely frail. (-30% HP)
You occasionally shout uncontrollably at your foes.
Your spells are a little harder to cast, but a little more powerful.


Message History

An Orb Guardian comes into view.
There is a stone staircase leading down here.
You reach to attack!
You closely miss the Orb Guardian. You closely miss the Orb Guardian.
The Orb Guardian hits you!
You puncture the Orb Guardian!
The Orb Guardian seems to grow stronger.
The Orb Guardian is lightly wounded.
You block the Orb Guardian's attack. x2
You hit the Orb Guardian but do no damage.
The Orb Guardian is lightly wounded.
You block the Orb Guardian's attack.
You impale the Orb Guardian!!
The Orb Guardian is moderately wounded.
You block the Orb Guardian's attack. x2
You skewer the Orb Guardian like a kebab!!!
The Orb Guardian is almost dead.
You block the Orb Guardian's attack.
You skewer the Orb Guardian like a kebab!!!
You freeze the Orb Guardian.
You kill the Orb Guardian!
No target in view!
No target in view!
You now have 3428 gold pieces (gained 19).
There is a stone staircase leading up here.
You climb upwards.
There is a stone staircase leading down here.
HP restored.
Aiming: Dig
Press: ? - help, Q - select action, (/) - cycle Shift-Dir - straight line You can't see that place. [a translucent stone wall.]
The rock shatters into small pieces.
Aiming: Dig
Press: ? - help, Q - select action, (/) - cycle Shift-Dir - straight line A rock wall.
The rock shatters into small pieces.
Blink to where?
Press: ? - help, Q - select action, (/) - cycle Dir - move target
As you read the scroll of blinking, it crumbles to dust.
You have escaped!

#......#################.....#
####...## ###.......###
##....# # #..##
##...........## ##...# # #..#
##....##'##....## #...# # #..#
#...####.####...# #...# #
#.####..##......|##..####^.# #
#.# #...#..##.##..#...# #..# #
#.# #..##.##...##.##..# #..# #
#.# #..##.##.8.##.##..# #..# #
#.# #..##.##...##.##..# #..# #
#.# #...#..##'##..#...# #..###
#.####..##.......##..####.....
#..# #...#########...# #....##
#..# ##....#####....## #....#
#..## ##...........## ##....#
#...## #.#.......### ##÷....#
##....###.####.########......#


There were no monsters in sight!

Vanquished Creatures
  2 dread liches (Zig:8)
  2 orbs of fire (Zot:5)
  An ancient lich (Vaults:5)
  Mara (Depths:2)
  2 juggernauts (Depths:3)
  Sojobo (Vaults:5)
  Boris (thrice) (Vaults:3 Vaults:4 Depths:1)
  Frederick (Depths:3)
  2 Killer Klowns (Zot:5)
  A caustic shrike (Depths:3)
  5 golden dragons
  2 bone dragons
  A Brimstone Fiend (D:15)
  A Tzitzimitl (Zot:1)
  2 electric golems (Zot:5)
  Rupert (Lair:3)
  The ghost of PhillyD the Warrior, an adept DsFi of Gozag (Vaults:3)
  Zenata (Vaults:1)
  An Ice Fiend (Zot:5)
  5 liches
  13 tentacled monstrosities
  Jorgrun (Spider:2)
  3 titans
  5 Orb Guardians
  4 quicksilver dragons
  A walking frostbound tome (Depths:4)
  6 sphinxes
  3 deep elf blademasters (Elf:3)
  An acid blob (Zig:4)
  An ancient champion (Vaults:2)
  5 deep elf master archers
  Frances (Spider:2)
  6 storm dragons
  4 tengu reavers
  A death cob (Zot:1)
  A draconian monk (Depths:4)
  A revenant (Zig:8)
  10 shadow dragons
  Roxanne (Shoals:1)
  11 fire giants
  An azure jelly (Zig:4)
  10 frost giants
  A demonspawn warmonger (D:15)
  8 deep elf sorcerers
  4 deep elf elementalists (Elf:3)
  6 emperor scorpions
  8 ghost moths
  11 vault wardens
  An iron dragon (Depths:3)
  4 balrugs
  A draconian stormcaller (Zot:4)
  2 ghouls
  4 spectral caustic shrikes (Depths:1)
  2 draconian shifters
  Louise (Lair:2)
  A draconian scorcher (Zot:4)
  15 very ugly things
  5 orc warlords
  3 war gargoyles
  6 spriggan defenders
  20 ironbound preservers
  4 formless jellyfish
  13 stone giants
  4 reapers
  A green draconian (Zot:4)
  A caustic shrike skeleton (Depths:2)
  A broodmother (Spider:3)
  10 ironbound thunderhulks
  A draconian annihilator (Zot:4)
  7 vampire knights
  2 lorocyprocas
  A demonspawn black sun (Depths:4)
  A black draconian (Zot:5)
  10 deep elf annihilators
  The ghost of Ehoukk the Eclecticist, a journeyman DjFE of Jiyva (D:13)
  8 dire elephants
  4 deep elf demonologists
  3 minotaurs
  4 red draconians
  10 spark wasps
  2 purple draconians
  A wendigo (Depths:2)
  3 fire dragons
  The ghost of dhlexpress the Unseen, a journeyman KoBr of Okawaru (D:14)
  6 ettins
  3 deep elf death magi
  7 merfolk impalers
  5 merfolk javelineers
  9 entropy weavers
  3 jiangshi
  8 yaktaur captains
  6 deep elf high priests
  9 great orbs of eyes
  3 jorogumos
  Fannar (Lair:3)
  28 vault guards
  3 alligator snapping turtles
  8 ice dragons
  5 rakshasas
  2 peacekeepers
  3 catoblepae (Lair:5)
  6 hydras
  5 ironbound frosthearts
  2 ogre magi
  A merfolk avatar (Shoals:4)
  6 spriggan air magi
  13 centaur warriors
  4 boulder beetles
  5 death yaks (Lair:5)
  5 merfolk aquamancers
  A death knight (D:15)
  A naga warrior (Vaults:3)
  A radroach (Spider:3)
  4 satyrs
  5 two-headed ogres
  6 tengu warriors
  9 deep troll shamans
  3 hell hogs (Depths:4)
  12 dancing weapons
  10 deep troll earth magi
  2 orc high priests
  2 demonic crawlers (Spider:2)
  13 spriggans
  3 occultists
  13 spriggan berserkers
  6 soul eaters (Depths:4)
  9 deep elf knights
  3 sun demons
  12 hell knights
  6 skysharks
  A wretched star (Abyss:2)
  3 sun moths
  A shadow wraith (Zig:8)
  4 iron trolls
  A sixfirhy (Abyss:2)
  5 pharaoh ants
  14 sea snakes
  55 deep trolls
  7 large abominations
  15 deep elf archers
  9 orb spiders
  4 glowing orange brains
  3 flayed ghosts
  A swamp dragon (Zig:2)
  8 ironbound convokers
  7 lindwurms
  3 phantasmal warriors
  8 steelbarb worms
  27 deep elf pyromancers
  16 deep elf zephyrmancers
  6 arcanists
  A sphinx simulacrum (Depths:2)
  20 harpies
  11 necromancers
  A stone giant zombie (Depths:2)
  15 orc knights
  6 cyclopes
  17 manticores
  4 orc sorcerers
  4 fauns
  Maurice (D:9)
  41 ugly things
  24 wolf spiders
  A frost giant zombie (Depths:1)
  An iron dragon skeleton (Depths:1)
  2 human skeletons (Vaults:2)
  A fire giant zombie (Depths:1)
  3 worldbinders (Abyss:3)
  17 moths of wrath
  2 centaur zombies (D:10)
  20 vault sentinels
  An elephant (D:8)
  10 merfolk sirens
  A fire giant skeleton (Depths:2)
  7 kobold blastminers (Orc:2)
  A molten gargoyle (Depths:4)
  5 black mambas
  3 smoke demons
  An unseen horror zombie (D:10)
  A gargoyle (Gauntlet)
  12 water nymphs
  7 torpor snails
  15 cane toads
  3 kobold demonologists
  3 efreet
  21 yaktaurs
  2 hellions
  6 rime drakes
  2 freezing wraiths
  2 tengu conjurers
  11 komodo dragons
  A spriggan skeleton (Depths:1)
  9 trolls
  A hellwing (Abyss:3)
  A queen bee (shapeshifter) (Elf:1)
  18 hornets
  28 tarantellas
  49 merfolk
  6 wind drakes
  5 polar bears
  A raiju (shapeshifter) (Depths:2)
  6 snapping turtles
  4 raiju
  25 blink frogs
  8 dream sheep
  A spriggan zombie (Depths:1)
  2 glass eyes
  43 jumping spiders
  2 spriggans (shapeshifter)
  6 wraiths
  23 culicivoras
  54 slime creatures
  3 air elementals
  50 yaks
  4 vampires
  16 water elementals
  A fire bat (shapeshifter) (D:13)
  9 wyverns
  3 shadows (D:10)
  A yak (shapeshifter) (Zig:3)
  7 fire elementals
  A golden eye (Zig:4)
  A basilisk (shapeshifter) (D:15)
  62 redbacks
  A death yak simulacrum (Lair:5)
  2 steam dragons (D:8)
  18 vampire mosquitoes
  5 neqoxecs (D:14)
  6 basilisks
  4 wargs
  An acid dragon (Gauntlet)
  7 water moccasins
  A glowing shapeshifter skeleton (Vaults:2)
  37 orc warriors
  3 black bears
  22 wolves
  9 boggarts (Vaults:1)
  12 ogres
  13 centaurs
  A phantom (D:7)
  4 kobold brigands
  A gnoll sergeant (D:9)
  13 bullfrogs
  3 earth elementals
  4 scorpions (D:6)
  2 small abominations (Abyss:3)
  2 wights (D:7)
  3 killer bees (D:10)
  An elephant simulacrum (Lair:5)
  5 howler monkeys
  6 electric eels
  2 jellies (D:6)
  2 hounds (D:6)
  4 quasits (D:14)
  15 orc priests
  4 sleepcaps
  An iguana (D:5)
  15 orc wizards
  5 hell rats (Lair:3)
  2 polar bear simulacra (Lair:5)
  3 wolf simulacra (Lair:5)
  8 gnolls
  9 adders
  An adder (shapeshifter) (Depths:3)
  4 river rats
  A white imp (D:8)
  2 ufetubi (D:6)
  4 worms
  3 dart slugs
  62 orcs
  10 ball pythons
  6 endoplasms
  3 giant cockroaches
  15 goblins
  3 hobgoblins
  7 jackals
  6 quokkas
  15 bats
  3 frilled lizards
  12 kobolds
  A kobold (shapeshifter) (Vaults:5)
  7 rats
  A butterfly (D:6)
1976 creatures vanquished.

Vanquished Creatures (collateral kills)
  An orb of fire (Zot:5)
  A Killer Klown (Zot:5)
  A golden dragon (Vaults:5)
  3 tentacled monstrosities
  8 Orb Guardians (Zot:5)
  2 quicksilver dragons (Vaults:5)
  2 storm dragons (Vaults:5)
  A fire giant (Vaults:5)
  A shadow dragon (Zot:5)
  A vault warden (Vaults:5)
  An ironbound preserver (Vaults:5)
  A draconian shifter (Zot:5)
  2 green draconians (Zot:5)
  A deep elf demonologist (Vaults:5)
  A purple draconian (Zot:5)
  A minotaur (Vaults:3)
  3 yellow draconians (Zot:5)
  A deep elf death mage (Vaults:5)
  A yaktaur captain (Vaults:5)
  An ettin (Vaults:5)
  2 deep elf high priests (Vaults:5)
  2 vault guards (Vaults:5)
  A two-headed ogre (Orc:1)
  A moth of wrath (Zot:5)
  A jumping spider (Spider:2)
  An ogre (Orc:1)
  A wight (D:7)
  A gnoll bouda (D:6)
  A gnoll (shapeshifter) (Vaults:5)
  3 gnolls
  An orc (shapeshifter) (Vaults:5)
  A ball python (shapeshifter) (Vaults:5)
  A rat (D:3)
51 creatures vanquished.

Vanquished Creatures (others)
  A dread lich (Zot:5)
  3 ancient liches (Zot:5)
  A Killer Klown (Zot:5)
  A curse toe (Zot:5)
  A tentacled monstrosity (Zot:5)
  A Brimstone Fiend (Zot:5)
  12 Orb Guardians (Zot:5)
  A titan (Vaults:5)
  2 death cobs (Zot:5)
  3 sphinxes (Vaults:5)
  An Executioner (Zot:5)
  3 tengu reavers (Vaults:5)
  A storm dragon (Zot:5)
  A fire giant (Vaults:5)
  3 vault wardens (Vaults:5)
  A draconian scorcher (Zot:5)
  2 ironbound preservers (Vaults:5)
  A draconian stormcaller (Zot:5)
  5 stone giants (Vaults:5)
  3 green draconians (Zot:5)
  A deep elf demonologist (Vaults:5)
  A purple draconian (Zot:5)
  A yellow draconian (Zot:5)
  A white draconian (Zot:5)
  A black draconian (Zot:5)
  A red draconian (Zot:5)
  A deep elf death mage (Vaults:5)
  3 yaktaur captains (Vaults:5)
  12 vault guards (Vaults:5)
  A merfolk aquamancer (Shoals:4)
  A vampire mage (Depths:4)
  A deep elf knight (Elf:1)
  A large abomination (Zot:5)
  An ironbound convoker (Vaults:5)
  3 deep elf pyromancers
  6 moths of wrath (Zot:5)
  2 ugly things (Vaults:5)
  A wolf spider (Spider:4)
  A worldbinder (Abyss:3)
  2 vault sentinels (Vaults:5)
  A water nymph (Abyss:3)
  A spark wasp simulacrum (Depths:2)
  A freezing wraith (Vaults:5)
  A wind drake (shapeshifter) (Vaults:5)
  A snapping turtle (shapeshifter) (Vaults:5)
  An air elemental (Elf:1)
  A water elemental (Elf:1)
  A redback (shapeshifter) (Vaults:5)
  An orc warrior (Orc:2)
  A boggart (Vaults:1)
  An ogre (Zig:5)
  A glowing shapeshifter simulacrum (Depths:2)
  A giant cockroach (shapeshifter) (Vaults:5)
  2 starspawn tentacles (Abyss:3)
104 creatures vanquished.

Grand Total: 2131 creatures vanquished

Notes
Turn   | Place    | Note
-------+----------+-------------------------------------------
     0 | D:1      | Kearsarge the Merfolk Gladiator began the quest for the
                  | Orb.
     0 | D:1      | Reached XP level 1. HP: 16/16 MP: 1/1
   254 | D:1      | Reached XP level 2. HP: 20/21 MP: 2/2
   977 | D:2      | Reached skill level 5 in Polearms
   978 | D:2      | Reached XP level 3. HP: 26/28 MP: 3/3
  1317 | D:2      | Reached XP level 4. HP: 24/35 MP: 4/4
  1860 | D:3      | Found an iron altar of Okawaru.
  1894 | D:3      | Found a faded altar of an unknown god.
  1962 | D:3      | Found a glowing drain.
  2014 | Sewer    | Entered a sewer
  2180 | Sewer    | Reached XP level 5. HP: 41/41 MP: 5/5
  3067 | D:3      | Found a runed translucent door.
  3068 | D:3      | Noticed Crazy Yiuf
  3068 | D:3      | Noticed Natasha
  3387 | D:4      | Found a broken altar of Ashenzari.
  3441 | D:4      | Found Denn's Assorted Antiques.
  3450 | D:4      | Bought a scroll labelled HEHYONA TAYSM for 24 gold pieces
  3450 | D:4      | Bought a runed brass wand for 96 gold pieces
  3464 | D:4      | Noticed Grinder
  3464 | D:4      | Paralysed by Grinder for 4 turns
  3595 | D:4      | Reached XP level 6. HP: 30/48 MP: 6/6
  3864 | D:5      | Entered Level 5 of the Dungeon
  4122 | D:5      | Found a bloodstained altar of Trog.
  4477 | D:6      | Reached skill level 5 in Fighting
  4477 | D:6      | Reached XP level 7. HP: 53/56 MP: 7/7
  4813 | D:6      | Found a staircase to the Ecumenical Temple.
  4834 | Temple   | Found a transporter.
  4834 | Temple   | Found a transporter.
  4834 | Temple   | Found a transporter.
  4834 | Temple   | Found a transporter.
  4834 | Temple   | Entered the Ecumenical Temple
  4848 | Temple   | Became a worshipper of Gozag Ym Sagoz the Greedy
  4898 | D:6      | Reached skill level 10 in Polearms
  4913 | D:6      | Reached XP level 8. HP: 48/64 MP: 8/8
  4985 | D:6      | Identified the +2 robe of Levity {Rampage Str-2 Dex+5
                  | Archmagi}
  6149 | D:7      | Identified the +1 robe of the Witching Gods {rPois Will-
                  | rCorr Str+3}
  6217 | D:7      | Reached XP level 9. HP: 72/72 MP: 9/9
  6913 | D:8      | Identified a scroll of acquirement
  6913 | D:8      | Acquired a +1 demon trident of electrocution
  7162 | D:8      | Noticed an elephant
  7187 | D:8      | Killed an elephant
  7283 | D:8      | Found a staircase to the Lair.
  7362 | D:8      | Reached XP level 10. HP: 78/83 MP: 8/10
  7446 | D:8      | Reached skill level 15 in Polearms
  8120 | D:9      | Noticed a two-headed ogre
  8181 | D:9      | Killed a two-headed ogre
  8538 | D:9      | Reached skill level 10 in Fighting
  8808 | D:9      | Found a staircase to the Orcish Mines.
  8944 | D:10     | Entered Level 10 of the Dungeon
  9121 | D:10     | Noticed Maurice
  9346 | D:10     | Maurice stole 20 poisoned darts
  9356 | D:9      | Killed Maurice
  9430 | D:10     | Reached XP level 11. HP: 77/92 MP: 11/11
  9623 | D:10     | You fall into a shaft and drop 1 floor!
  9639 | D:11     | Noticed a two-headed ogre
 10337 | D:11     | Killed a two-headed ogre
 10836 | D:9      | Bought a steaming scale mail for 261 gold pieces
 10836 | D:9      | Identified the +5 scale mail "Veucuk" {Will++} (You bought
                  | it in a shop on level 9 of the Dungeon)
 10852 | Orc:1    | Entered Level 1 of the Orcish Mines
 10852 | Orc:1    | Noticed an orc knight
 10863 | Orc:1    | Killed an orc knight
 10883 | Orc:1    | Noticed a cyclops
 10898 | Orc:1    | Noticed a two-headed ogre
 10899 | Orc:1    | Killed a cyclops
 10906 | Orc:1    | Killed a two-headed ogre
 10907 | Orc:1    | Reached XP level 12. HP: 68/102 MP: 12/12
 11257 | Orc:2    | Entered Level 2 of the Orcish Mines
 11275 | Orc:2    | Noticed a centaur warrior
 11294 | Orc:2    | Killed a centaur warrior
 11583 | Lair:1   | Entered Level 1 of the Lair of Beasts
 11617 | Lair:1   | Found a dark tunnel.
 11634 | Lair:1   | Found a gate leading to a gauntlet.
 11642 | Gauntlet | Entered a Gauntlet
 11642 | Gauntlet | Found a transporter.
 11642 | Gauntlet | Found a transporter.
 11648 | Gauntlet | Found a transporter.
 11660 | Gauntlet | Found a transporter.
 11678 | Gauntlet | Found a transporter.
 11678 | Gauntlet | Found a transporter.
 11678 | Gauntlet | Found a transporter.
 11681 | Gauntlet | Found a transporter.
 11681 | Gauntlet | Found a transporter.
 11686 | Gauntlet | Noticed an entropy weaver
 11693 | Gauntlet | Found a transporter.
 11708 | Gauntlet | Found a runed translucent door.
 11712 | Gauntlet | Found a transporter.
 11721 | Gauntlet | Noticed a minotaur
 11722 | Gauntlet | Noticed a ghost crab
 11723 | Gauntlet | Found a transporter.
 11739 | Gauntlet | Found a transporter.
 11766 | Gauntlet | Noticed a catoblepas
 11774 | Gauntlet | Found a transporter.
 11774 | Gauntlet | Noticed a tengu warrior
 11962 | Gauntlet | Gained mutation: Your spells are a little easier to cast,
                  | but a little less powerful. [potion of mutation]
 11962 | Gauntlet | Gained mutation: You do not regenerate when monsters are
                  | visible. [potion of mutation]
 11962 | Gauntlet | Gained mutation: Your flesh is heat resistant. (rF+)
                  | [potion of mutation]
 11963 | Gauntlet | Lost mutation: Your spells are a little easier to cast, but
                  | a little less powerful. [potion of mutation]
 11963 | Gauntlet | Lost mutation: You do not regenerate when monsters are
                  | visible. [potion of mutation]
 11963 | Gauntlet | Lost mutation: Your flesh is heat resistant. (rF+) [potion
                  | of mutation]
 11963 | Gauntlet | Gained mutation: You passively map a small area around you.
                  | [potion of mutation]
 11963 | Gauntlet | Gained mutation: You have a beak for a mouth. [potion of
                  | mutation]
 12094 | Gauntlet | Identified the ring "Ceatuhirghe" {rCorr Int+3}
 12129 | Gauntlet | Killed a minotaur
 12175 | Gauntlet | Got the Handbook of the Destructive Scorpion
 13011 | Lair:2   | Noticed a six-headed hydra
 13256 | Lair:3   | Noticed Rupert
 13257 | Lair:3   | Noticed Fannar
 13448 | Lair:3   | Killed Rupert
 13839 | Lair:3   | Reached XP level 13. HP: 80/108 MP: 13/13
 14517 | Lair:2   | Found a sacrificial altar of Ru.
 14814 | Lair:2   | Found a hole to the Spider Nest.
 15219 | Lair:3   | Killed Fannar
 15521 | Lair:3   | Found a staircase to the Shoals.
 16066 | Lair:4   | Reached skill level 15 in Fighting
 16235 | Lair:4   | Found a staircase to the Slime Pits.
 16481 | Lair:4   | Reached XP level 14. HP: 89/123 MP: 14/14
 17376 | Lair:5   | Entered Level 5 of the Lair of Beasts
 17376 | Lair:5   | Found a frozen archway.
 18709 | Lair:5   | Reached skill level 5 in Dodging
 19076 | Lair:5   | Reached skill level 6 in Dodging
 19235 | Lair:5   | Found the ring of Shadows {Umbra +Inv Stlth+}
 19365 | Lair:5   | Reached skill level 7 in Dodging
 20070 | Orc:2    | Reached skill level 8 in Dodging
 20264 | Orc:2    | Reached XP level 15. HP: 122/122 MP: 15/15
 20287 | Orc:2    | Found Oxuso's General Store.
 20293 | Orc:2    | Reached skill level 9 in Dodging
 20372 | Orc:2    | Found Iduit's Magic Scroll Shop.
 20372 | Orc:2    | Found Joadap's Magic Scroll Emporium.
 20372 | Orc:2    | Found Xinaecs's Antique Weapon Shoppe.
 20437 | Orc:2    | Bought a scroll of teleportation for 45 gold pieces
 20437 | Orc:2    | Bought a scroll of fear for 60 gold pieces
 20437 | Orc:2    | Bought a scroll of fear for 60 gold pieces
 20437 | Orc:2    | Bought a scroll of teleportation for 45 gold pieces
 20437 | Orc:2    | Bought a scroll of teleportation for 45 gold pieces
 20438 | Orc:2    | Bought a scroll of immolation for 64 gold pieces
 20438 | Orc:2    | Bought a scroll of revelation for 120 gold pieces
 20445 | Orc:2    | Bought a scroll of immolation for 52 gold pieces
 20445 | Orc:2    | Bought a potion of curing for 39 gold pieces
 20445 | Orc:2    | Bought a potion of invisibility for 104 gold pieces
 20659 | Orc:2    | Reached skill level 1 in Shapeshifting
 20669 | Orc:2    | Identified the +8 rapier of Beogh, Enfolding {venom, Str+5}
 20708 | Orc:2    | Identified the +0 chain mail of the Endless Expanse {rPois
                  | rC+ Dex+3 SInv}
 20839 | Orc:2    | Noticed an orc warlord
 20871 | Orc:2    | Killed an orc warlord
 20872 | Orc:2    | Reached skill level 5 in Shapeshifting
 21131 | Orc:2    | Found a staircase to the Elven Halls.
 21558 | Orc:1    | Bought a scroll of enchant weapon for 127 gold pieces
 21558 | Orc:1    | Bought a scroll of poison for 68 gold pieces
 21558 | Orc:1    | Bought a scroll of teleportation for 51 gold pieces
 22598 | D:13     | Found a gate to the Vaults.
 22623 | D:13     | Paralysed by an ogre mage for 5 turns
 23233 | D:13     | Found Xoivif's Book Shop.
 23260 | D:13     | Noticed Ehoukk's ghost (journeyman DjFE)
 23261 | D:13     | Found a runed translucent door.
 23377 | D:13     | Killed Ehoukk's ghost
 23378 | D:13     | Reached skill level 1 in Shields
 23639 | D:14     | Found a runed translucent door.
 24046 | D:14     | Found a transporter.
 24052 | D:14     | Noticed dhlexpress's ghost (journeyman KoBr)
 24055 | D:14     | Found a runed translucent door.
 24066 | D:14     | Found a transporter.
 24213 | D:14     | Gained mutation: You are weak. (Str -2) [a neqoxec]
 24218 | D:14     | Gained mutation: You are frail. (-10% HP) [a neqoxec]
 24223 | D:14     | Gained mutation: You are dopey. (Int -2) [a neqoxec]
 24235 | D:14     | Killed dhlexpress's ghost
 24241 | D:14     | Lost mutation: You are frail. (-10% HP) [a neqoxec]
 24330 | D:14     | Identified the +3 hat of Unambiguity {rF- Str+4}
 24331 | D:14     | Identified the +7 trident "Nunlesa" {flame, rCorr Str+2}
 24544 | D:14     | Found a runed translucent door.
 24694 | D:15     | Entered Level 15 of the Dungeon
 24739 | D:15     | Reached skill level 10 in Dodging
 25316 | Shoals:1 | Entered Level 1 of the Shoals
 25316 | Shoals:1 | Noticed Roxanne
 25335 | Shoals:1 | Killed Roxanne
 25643 | Shoals:1 | You fall into a shaft and drop 1 floor!
 25668 | Shoals:2 | Reached XP level 16. HP: 93/143 MP: 16/16
 26220 | Shoals:3 | Found Xeab's Visitors' Centre.
 26241 | Shoals:3 | Reached skill level 10 in Shapeshifting
 26271 | Shoals:3 | Found Xeab's Merfolk Magic.
 26271 | Shoals:3 | Found Xeab's Merfolk Armours.
 26314 | Shoals:3 | Found a flickering gateway to a bazaar.
 26319 | Bazaar   | Entered a bazaar
 26319 | Bazaar   | Found Jyidgh's General Store.
 26319 | Bazaar   | Found Teamo Hovuyn's General Store.
 26514 | Bazaar   | Bought a potion of mutation for 88 gold pieces
 26528 | Bazaar   | Found Wotouq's General Store.
 26528 | Bazaar   | Found Mizothryll's General Store.
 26535 | Bazaar   | Bought a scroll of immolation for 52 gold pieces
 26539 | Bazaar   | Bought a scroll of enchant weapon for 75 gold pieces
 26539 | Bazaar   | Bought a scroll of fog for 40 gold pieces
 26550 | Bazaar   | Found Coanoghaq's General Store.
 26550 | Bazaar   | Found Kudufral's General Store.
 26572 | Bazaar   | Found Xamefrel's General Store.
 26572 | Bazaar   | Found Tuqaf's General Store.
 26579 | Bazaar   | Bought a scroll of teleportation for 24 gold pieces
 26579 | Bazaar   | Bought a scroll of poison for 32 gold pieces
 26579 | Bazaar   | Bought a potion of heal wounds for 40 gold pieces
 26583 | Bazaar   | Bought a scroll of fog for 40 gold pieces
 26602 | Bazaar   | Bought a ring of protection from cold for 275 gold pieces
 26689 | Shoals:3 | Bought a lightning rod (4/4) for 720 gold pieces
 26899 | Shoals:3 | Identified the +0 leather armour of Inusejot {rPois rC+
                  | Str-5}
 27772 | Shoals:2 | Found Arrauneeq's Antique Armour Emporium.
 29554 | Shoals:4 | Entered Level 4 of the Shoals
 29958 | Shoals:4 | Reached skill level 15 in Shapeshifting
 30306 | Shoals:4 | Reached XP level 17. HP: 150/150 MP: 17/17
 30372 | Shoals:4 | Identified the +5 short sword of the Feather {freeze, rF+}
 30630 | Shoals:4 | Reached skill level 5 in Shields
 30797 | Shoals:4 | Got a barnacled rune of Zot
 31328 | Shoals:4 | Found the +12 glaive of Prune {freeze, Prune}
 31529 | Shoals:4 | Found the +2 hood of the Assassin {Detect Stab+ Stlth++}
 31716 | Spider:1 | Entered Level 1 of the Spider Nest
 31724 | Spider:1 | Noticed Louise
 31727 | Spider:1 | Reached skill level 1 in Stealth
 31836 | Abyss:2  | Cast into level 2 of the Abyss (Louise)
 31858 | Abyss:2  | Found a corrupted altar of Lugonu.
 31868 | Abyss:2  | Found a corrupted altar of Lugonu.
 31868 | Abyss:2  | Found a corrupted altar of Lugonu.
 31869 | Abyss:2  | Noticed a bone dragon
 31895 | Abyss:2  | Killed a bone dragon
 31998 | Spider:1 | Escaped the Abyss
 32016 | Lair:2   | Killed Louise
 32138 | Spider:1 | Identified the +9 spear of Dishonour {venom, rF+}
 32495 | Spider:1 | Reached skill level 5 in Stealth
 32598 | Spider:1 | Found a runed translucent gate.
 32598 | Spider:1 | Found a runed translucent gate.
 32598 | Spider:1 | Found a runed translucent gate.
 32600 | Spider:1 | Noticed tenshi1004's ghost (adept FeCK)
 33419 | Spider:2 | Reached XP level 18. HP: 157/157 MP: 18/18
 33476 | Spider:2 | Noticed Frances
 33481 | Spider:2 | Noticed Jorgrun
 33507 | Spider:2 | Killed Frances
 33513 | Spider:2 | Killed Jorgrun
 33602 | Spider:2 | Found a runed translucent gate.
 33605 | Spider:2 | Found a runed translucent gate.
 33607 | Spider:2 | Found a runed translucent gate.
 33611 | Spider:2 | Noticed Menu's ghost (adept MiWr)
 33611 | Spider:2 | Noticed Teudis's ghost (adept OgIE)
 35082 | Spider:3 | Reached skill level 10 in Stealth
 35280 | Spider:4 | Entered Level 4 of the Spider Nest
 36701 | Spider:4 | Got a gossamer rune of Zot
 36773 | Spider:4 | Reached XP level 19. HP: 161/161 MP: 19/19
 37345 | Elf:1    | Entered Level 1 of the Elven Halls
 37448 | Elf:1    | Paralysed by an air elemental for 1 turns
 37453 | Elf:1    | Paralysed by an air elemental for 1 turns
 37480 | Elf:1    | Found a shimmering blue altar of Sif Muna.
 37585 | Elf:1    | Found Litsezoso's General Store.
 37590 | Elf:1    | Bought a wand of digging (1) for 50 gold pieces
 38156 | Elf:1    | Paralysed by an air elemental for 1 turns
 38159 | Elf:1    | Paralysed by an air elemental for 1 turns
 38504 | Elf:2    | Found Ufut Sud's Book Shoppe.
 38547 | Elf:3    | Entered Level 3 of the Elven Halls
 39639 | Elf:2    | Found a runed translucent gate.
 39639 | Elf:2    | Found a runed translucent gate.
 39639 | Elf:2    | Found a runed translucent gate.
 39737 | Elf:3    | Found Pegyros's Jewellery Shoppe.
 39740 | Elf:3    | Found Yrissof's Book Boutique.
 39741 | Elf:3    | Found Giterado's Jewellery Shoppe.
 39752 | Elf:3    | Bought an amulet of regeneration for 480 gold pieces
 40303 | Elf:3    | Identified the amulet "Wotz" {Spirit rF+ Will+}
 40328 | Abyss:3  | Cast into level 3 of the Abyss (a deep elf sorcerer)
 40338 | Abyss:3  | Found a corrupted altar of Lugonu.
 40366 | Abyss:3  | Found an ornate altar of the Wu Jian Council.
 40444 | Abyss:3  | Reached XP level 20. HP: 171/171 MP: 20/20
 40460 | Abyss:3  | Got an abyssal rune of Zot
 40593 | Elf:3    | Escaped the Abyss
 40733 | Elf:3    | Found the +3 giant club "Skullcrusher" {speed, Str+7}
 40781 | Elf:3    | Got the Precepts of Topology and Charms
 40783 | Elf:3    | Identified the ring of Usaotiud {Fire rN+ Dex-4 Stlth+}
 40818 | Elf:3    | Found the +3 pair of gauntlets of War {Slay+5}
 40828 | Elf:3    | Identified the ring of Midihulosa {rPois rF- MP+9 Dex+7}
 40841 | Elf:3    | Got the Precepts of Blasted Interference
 40860 | Elf:3    | Identified the ring "Akiroder" {rPois rF- Str+6 Int+4}
 41238 | Vaults:1 | Entered Level 1 of the Vaults
 41708 | Vaults:1 | Found Suaschiki's Armour Shoppe.
 41747 | Vaults:1 | Reached skill level 11 in Dodging
 42151 | Vaults:1 | Noticed Zenata
 42299 | Vaults:1 | Reached skill level 12 in Dodging
 42639 | Vaults:1 | Killed Zenata
 42895 | Vaults:1 | Acquired 797 gold pieces
 43092 | Vaults:2 | Reached skill level 13 in Dodging
 43278 | Vaults:2 | Reached XP level 21. HP: 148/182 MP: 18/21
 43338 | Vaults:2 | Reached skill level 14 in Dodging
 44251 | Vaults:2 | Found a staircase to the Crypt.
 44352 | Vaults:2 | Reached skill level 15 in Dodging
 44714 | Vaults:3 | Noticed Boris
 44738 | Vaults:3 | Killed Boris
 45076 | Vaults:3 | Found a runed translucent gate.
 45077 | Vaults:3 | Found a runed translucent gate.
 45078 | Vaults:3 | Found a runed translucent gate.
 45078 | Vaults:3 | Noticed PhillyD's ghost (adept DsFi)
 45203 | Vaults:3 | You fall into a shaft and drop 1 floor!
 45354 | Vaults:4 | Found the +9 sword of Power {lifebolt}
 45904 | Vaults:4 | Reached XP level 22. HP: 198/198 MP: 22/22
 46017 | Vaults:4 | Found Busch's Antique Armour Emporium.
 46152 | Vaults:4 | Noticed Boris
 46165 | Vaults:4 | Killed Boris
 46834 | Vaults:3 | Found an iron altar of Okawaru.
 46902 | Vaults:3 | Killed PhillyD's ghost
 47182 | Vaults:3 | Identified the +0 robe of the Wumpus {rF++ rC+++ Int-4
                  | Dex-5}
 47183 | Vaults:3 | Identified the +1 broad axe "Ixti" {flame, rPois rC- Int+7}
 47969 | Vaults:5 | Entered Level 5 of the Vaults
 47983 | Vaults:5 | Reached skill level 10 in Shields
 48056 | Vaults:5 | Identified the ring of Daisies {rC+ Will- AC+4 Str+2 Dex+3}
 48167 | Vaults:5 | Noticed a golden dragon
 48172 | Vaults:5 | Reached skill level 16 in Dodging
 48173 | Vaults:5 | Killed a golden dragon
 48204 | Vaults:5 | Noticed Sojobo
 48257 | Vaults:5 | Noticed an ancient lich
 48291 | Vaults:5 | Identified the +10 spear "Enofibeh" {flame, Will+ Str+3}
 48316 | Vaults:5 | Killed an ancient lich
 48693 | Vaults:5 | Identified the +3 halberd of Ruec Siu {protect, rPois rF+
                  | Int+3}
 48850 | Vaults:5 | Identified the ring "Firubid" {rElec MP+9}
 48857 | Vaults:5 | Got the Book of Charms and the Dragon
 48885 | Vaults:5 | Got Zaful's Encyclopedia of Scintillating Gases
 48896 | Vaults:5 | Got a silver rune of Zot
 48959 | Vaults:5 | Killed Sojobo
 49651 | D:15     | Found Likuguf's General Store.
 49659 | D:15     | Bought a scroll of fog for 64 gold pieces
 49726 | D:15     | Identified the +0 scale mail of Ysubb {+Blink rPois rC-
                  | SInv}
 49879 | D:15     | Reached skill level 17 in Dodging
 49920 | D:15     | Found Gofu's Book Emporium.
 49924 | D:15     | Found a runed translucent door.
 49924 | D:15     | Noticed Izoitieg's ghost (journeyman MiAr)
 50058 | D:15     | Found a staircase to the Depths.
 50163 | D:15     | Found Piopsuc's Magic Scroll Shop.
 50166 | D:15     | Bought a scroll of brand weapon for 142 gold pieces
 50241 | D:15     | Found Goadotul's Armour Emporium.
 50480 | Depths:1 | Entered Level 1 of the Depths
 50488 | Depths:1 | Reached XP level 23. HP: 206/206 MP: 23/23
 50782 | Depths:1 | Found a gateway to Hell.
 50949 | Depths:1 | Noticed Boris
 50954 | Depths:1 | Killed Boris
 51261 | Depths:1 | Found a one-way gate leading to the halls of Pandemonium.
 51301 | Depths:1 | Found a shimmering altar of Xom.
 51304 | Depths:1 | Found a shimmering altar of Xom.
 51304 | Depths:1 | Found a shimmering altar of Xom.
 51305 | Depths:1 | Found a shimmering altar of Xom.
 51305 | Depths:1 | Found a shimmering altar of Xom.
 51306 | Depths:1 | Found a shimmering altar of Xom.
 51306 | Depths:1 | Found a shimmering altar of Xom.
 51373 | Depths:1 | Found a one-way gate to the infinite horrors of the Abyss.
 51625 | Depths:2 | Reached skill level 18 in Dodging
 51787 | Depths:2 | Paralysed by a sphinx for 3 turns
 51906 | Depths:2 | Acquired the +10 tower shield of Ignorance {rN+ Int-4}
 51906 | Depths:2 | Found the +10 tower shield of Ignorance {rN+ Int-4}
 51919 | Depths:2 | Lost mutation: You are weak. (Str -2) [potion of mutation]
 51919 | Depths:2 | Lost mutation: You are dopey. (Int -2) [potion of mutation]
 51919 | Depths:2 | Gained mutation: You are vulnerable to heat. (rF-) [potion
                  | of mutation]
 51919 | Depths:2 | Gained mutation: You have an increased reservoir of magic.
                  | (+10% MP) [potion of mutation]
 51920 | Depths:2 | Lost mutation: You have a beak for a mouth. [potion of
                  | mutation]
 51920 | Depths:2 | Lost mutation: You passively map a small area around you.
                  | [potion of mutation]
 51920 | Depths:2 | Gained mutation: Armour fits poorly on your strangely
                  | shaped body. [potion of mutation]
 51920 | Depths:2 | Gained mutation: Your system is resistant to poisons.
                  | (rPois) [potion of mutation]
 51920 | Depths:2 | Gained mutation: You passively dampen the noise of your
                  | surroundings. [potion of mutation]
 51921 | Depths:2 | Lost mutation: Armour fits poorly on your strangely shaped
                  | body. [potion of mutation]
 51921 | Depths:2 | Lost mutation: Your system is resistant to poisons. (rPois)
                  | [potion of mutation]
 51921 | Depths:2 | Lost mutation: You passively dampen the noise of your
                  | surroundings. [potion of mutation]
 51921 | Depths:2 | Gained mutation: You have supernaturally acute eyesight.
                  | (SInv) [potion of mutation]
 51921 | Depths:2 | Gained mutation: You are dopey. (Int -2) [potion of
                  | mutation]
 51922 | Depths:2 | Lost mutation: You are vulnerable to heat. (rF-) [potion of
                  | mutation]
 51922 | Depths:2 | Lost mutation: You have supernaturally acute eyesight.
                  | (SInv) [potion of mutation]
 51922 | Depths:2 | Lost mutation: You have an increased reservoir of magic.
                  | (+10% MP) [potion of mutation]
 51922 | Depths:2 | Lost intelligence.
 51922 | Depths:2 | Gained mutation: You are very dopey. (Int -4) [potion of
                  | mutation]
 51922 | Depths:2 | Gained mutation: Your magical capacity is low. (-10% MP)
                  | [potion of mutation]
 51922 | Depths:2 | Gained mutation: You passively dampen the noise of your
                  | surroundings. [potion of mutation]
 51924 | Depths:2 | Lost mutation: You passively dampen the noise of your
                  | surroundings. [potion of mutation]
 51924 | Depths:2 | Lost mutation: You are very dopey. (Int -4) [potion of
                  | mutation]
 51924 | Depths:2 | Gained mutation: Armour fits poorly on your strangely
                  | shaped body. [potion of mutation]
 51924 | Depths:2 | Gained mutation: Your natural rate of healing is unusually
                  | fast. [potion of mutation]
 51925 | Depths:2 | Lost mutation: You are dopey. (Int -2) [potion of mutation]
 51925 | Depths:2 | Lost mutation: Your magical capacity is low. (-10% MP)
                  | [potion of mutation]
 51925 | Depths:2 | Gained mutation: Your spells are a little harder to cast,
                  | but a little more powerful. [potion of mutation]
 52001 | Depths:2 | Reached skill level 19 in Dodging
 52001 | Depths:2 | Reached skill level 15 in Shields
 52256 | Depths:2 | Noticed Mara
 52259 | Depths:2 | Noticed Kearsarge's illusion
 52276 | Depths:2 | Reached skill level 20 in Dodging
 52332 | Depths:2 | Noticed Kearsarge's illusion
 52430 | Depths:2 | Noticed Kearsarge's illusion
 52455 | Depths:2 | Killed Mara
 52569 | Depths:2 | Reached XP level 24. HP: 214/214 MP: 23/23
 52618 | Depths:2 | Found a large runed translucent door.
 52619 | Depths:2 | Found a large runed translucent door.
 52621 | Depths:2 | Noticed Ynau's ghost (veteran MiCA)
 52662 | Depths:2 | Reached skill level 21 in Dodging
 52727 | Depths:2 | Found Big Baal Hell's Store.
 53217 | Depths:3 | Reached skill level 22 in Dodging
 53393 | Depths:3 | Noticed a juggernaut
 53417 | Depths:3 | Killed a juggernaut
 53509 | Depths:3 | Identified the maw talisman of Loirr {Str+3 Dex+2 Slay+2}
 53549 | Depths:3 | Reached skill level 23 in Dodging
 53721 | Depths:3 | Noticed a caustic shrike
 53731 | Depths:3 | Killed a caustic shrike
 53823 | Depths:3 | Identified the +1 rapier "Embalmer" {elec, *Slow rF+ rC+
                  | Str+2}
 53835 | Depths:3 | Noticed Frederick
 53839 | Depths:3 | Noticed a juggernaut
 53845 | Depths:3 | Killed Frederick
 53858 | Depths:3 | Killed a juggernaut
 53859 | Depths:3 | Reached skill level 24 in Dodging
 54308 | Depths:4 | Entered Level 4 of the Depths
 54309 | Depths:4 | Found a shimmering blue altar of Sif Muna.
 54483 | Depths:4 | Found a one-way gateway to a ziggurat.
 54494 | Zig:1    | Entered Level 1 of a ziggurat
 54496 | Zig:1    | Reached skill level 25 in Dodging
 54500 | Zig:1    | Got the Parchment of Floating Fascination
 54506 | Zig:2    | Entered Level 2 of a ziggurat
 54527 | Zig:3    | Entered Level 3 of a ziggurat
 54568 | Zig:4    | Entered Level 4 of a ziggurat
 54610 | Zig:4    | Identified the +8 trident of Tylor {venom, rN+ Str+3}
 54623 | Zig:5    | Entered Level 5 of a ziggurat
 54718 | Zig:5    | Identified the ring of Vodka {rN+ Str+6}
 54724 | Zig:5    | Identified the +8 shortbow of Linearity {antimagic, Str+8
                  | Int-5 SInv Stlth-}
 54737 | Zig:6    | Entered Level 6 of a ziggurat
 54890 | Zig:6    | Identified the staff of the Empty Page {rF+ rN+ Str-5 Dex+4
                  | Necro}
 54899 | Zig:7    | Entered Level 7 of a ziggurat
 54917 | Zig:7    | Reached XP level 25. HP: 221/221 MP: 23/23
 54966 | Zig:7    | Identified the +2 scale mail "Oprysun" {-Tele rN+ Will+++
                  | Dex-3}
 54967 | Zig:7    | Identified the +2 arbalest of Foul Odours {penet, +Blink
                  | rElec rPois Dex-3}
 54974 | Zig:8    | Entered Level 8 of a ziggurat
 54981 | Zig:8    | Noticed a dread lich
 54981 | Zig:8    | Noticed a dread lich
 54995 | Zig:8    | Killed a dread lich
 54996 | Zig:8    | Reached skill level 26 in Dodging
 55012 | Zig:8    | Killed a dread lich
 55224 | Depths:4 | Reached skill level 27 in Dodging
 55746 | Depths:4 | Found a gate to the Realm of Zot.
 55845 | Zot:1    | Entered Level 1 of the Realm of Zot
 56406 | Zot:5    | Entered Level 5 of the Realm of Zot
 56461 | Zot:5    | Noticed a dread lich
 56463 | Zot:5    | Noticed a Killer Klown
 56474 | Zot:5    | Noticed an ancient lich
 56478 | Zot:5    | Noticed a Killer Klown
 56485 | Zot:5    | Killed an ancient lich
 56594 | Zot:5    | Killed an ancient lich
 56798 | Zot:5    | Noticed an orb of fire
 56802 | Zot:5    | Killed an orb of fire
 56805 | Zot:5    | Noticed a Killer Klown
 56807 | Zot:5    | Noticed a Killer Klown
 56807 | Zot:5    | Noticed a Killer Klown
 56807 | Zot:5    | Noticed a Killer Klown
 56809 | Zot:5    | Noticed an orb of fire
 56812 | Zot:5    | Killed a Killer Klown
 56816 | Zot:5    | Noticed an orb of fire
 56823 | Zot:5    | Killed a Killer Klown
 56832 | Zot:5    | Gained mutation: You are clumsy. (Dex -2) [an orb of fire]
 56834 | Zot:5    | Killed a Killer Klown
 56836 | Zot:5    | Gained mutation: You are frail. (-10% HP) [an orb of fire]
 56843 | Zot:5    | Gained mutation: You occasionally shout uncontrollably at
                  | your foes. [an orb of fire]
 56844 | Zot:5    | Gained mutation: Your mind is acute. (Int +4, Str/Dex -1)
                  | [an orb of fire]
 56850 | Zot:5    | Lost mutation: Your natural rate of healing is unusually
                  | fast. [an orb of fire]
 56853 | Zot:5    | Got the Orb of Zot
 56867 | Zot:5    | Gained mutation: You are very frail. (-20% HP) [an orb of
                  | fire]
 56868 | Zot:5    | Killed an orb of fire
 56869 | Zot:5    | Reached XP level 26. HP: 182/182 MP: 17/23
 56869 | Zot:5    | Gained mutation: You are extremely frail. (-30% HP) [an orb
                  | of fire]
 56881 | Zot:5    | Killed an orb of fire
 57169 | Depths:3 | Noticed Haw Pyrr the pandemonium lord
 57297 | D:14     | Noticed a seraph
 57305 | D:13     | Noticed Miffophio the pandemonium lord
 57370 | D:10     | Noticed Boris
 57566 | D:$      | Escaped with the Orb!

Illustrated notes

Levels and vault maps discovered:
D:1:      dpeg_arrival_concentric_ovals, layout_basic, serial_curves,
          eino_curves_02, eino_curves_04
D:2:      layout_rooms
D:3:      layout_basic, kennysheep_okawaru_gauntlet, portal_sewer_entry_e,
          basic_ecumenical_altar, st_stairs_12, uniq_crazy_yiuf_cottage,
          uniq_natasha
D:4:      layout_loops_ring, evilmike_ruin_ashenzari, serial_shops,
          nicolae_square_shop, uniq_grinder
D:5:      layout_basic, mainiacjoe_overflow_chevrons
D:6:      minmay_razor_zed, layout_basic, minmay_temple_entry_butterflies
D:7:      layout_rooms
D:8:      layout_basic, david_lair_generic, grunt_decor_cap
D:9:      layout_basic, erik_orc_2
D:10:     layout_small_grid, serial_undead, serial_undead_e, serial_undead_d,
          serial_undead_f, serial_undead_f, uniq_maurice
D:11:     layout_rooms
D:12:     layout_loops_ring, kennysheep_generic_room_15
D:13:     layout_loops_cross, hellmonk_vaults_order_and_chaos,
          gammafunk_ghost_grave, serial_shops, shop
D:14:     layout_cave_pools, nicolae_eternal_life, gammafunk_ghost_stat_death,
          mikee_hates_you
D:15:     gammafunk_enter_depths_forms, layout_long_grid, gammafunk_ghost_grave,
          serial_shops, shop, shop, shop, nicolae_shop_rolled_up
Temple:   hellmonk_temple_divided_pantheon
Lair:1:   layout_loops_ring, nicolae_volcano_entry_lava_flow,
          gauntlet_entry_generic, serial_bayou_shore_a
Lair:2:   layout_cave_shapes, spider_nest_entry_a, basic_altar, st_stairs_6,
          grunt_megastairs_4
Lair:3:   layout_chaotic_city, minmay_shoals_entry_hut, grunt_megastairs_3,
          wad_woods_river_01, uniq_rupert, uniq_fannar
Lair:4:   layout_cave_pods, minmay_slime_entry_oklob_open,
          chequers_serial_rivers_marsh, lemuel_fruit_fields
Lair:5:   evilmike_catoblepas_cave, layout_hall_layers,
          portal_ice_cave_entry_ice_simulacra, chequers_serial_rivers_small_a,
          lemuel_fruit_fields
Shoals:1: layout_shoals, uniq_roxanne
Shoals:2: layout_shoals, serial_shops, shop
Shoals:3: nicolae_shoals_mermall, layout_shoals, serial_shops, bzr_entry_road
Shoals:4: shoals_end_simple, layout_shoals
Spider:1: nicolae_spider_mines_1, gammafunk_ghost_necromancy, uniq_louise
Spider:2: layout_spider_delve, gammafunk_ghost_cemetery,
          nicolae_spider_nooks_and_crannies, uniq_frances, uniq_jorgrun
Spider:3: layout_spider_delve, hangedman_spider_tarantella_strand
Spider:4: spider_rune_water
Orc:1:    layout_caves
Orc:2:    st_orc_rangers, layout_caves, elf_legates
Elf:1:    nicolae_elf_arrival_fired_up, layout_loops_corners, serial_shops,
          shop, basic_altar, minivault_28, serial_library_hellmonk_octagon
Elf:2:    nicolae_elf_blades_splatter_lattice [nooodl_blade_entry_preview],
          layout_gridlike, serial_shops, nicolae_shop_mannequins, drop_trap
Elf:3:    minmay_elf_hall, layout_geoelf_castle, minmay_shop_grove
Vaults:1: nicolae_vaults_mini_display_case, ontoclasm_vaults_misaligned,
          vaults_dpeg_doors, v_rooms_4, nicolae_vaults_theta,
          vaults_room_guarded_vault, ontoclasm_vaults_chip,
          nicolae_vaults_tetromino_T_2, dpeg_vaults_monster_box,
          nicolae_vaults_closet_pinwheel_3, nicolae_vaults_trapezoid_lopsided_3,
          layout_vaults_big_room, serial_shops, nicolae_diamond_shop,
          uniq_zenata
Vaults:2: v_misc_31, nicolae_vaults_closet_pinwheel_5,
          minmay_crypt_entry_simple_round, ontoclasm_vaults_shuriken,
          nicolae_vaults_storage_closets_3, hangedman_vaults_restitches,
          v_misc_29, nicolae_vaults_tetromino_Z_2, nicolae_vaults_mitosis,
          nicolae_vaults_tetromino_T_1, layout_vaults_omnicross
Vaults:3: gammafunk_ghost_fury_of_okawaru, vaults_dpeg_cross,
          hangedman_vaults_stream, grunt_vaults_funnel,
          nicolae_vaults_circle_grid_a, nicolae_vaults_tetromino_L_2,
          nicolae_vaults_trapezoid_lopsided_2, nicolae_vaults_house_1,
          grunt_vaults_trifunnel, vaults_room_door_ring, vaults_mumra_hex,
          nicolae_vaults_house_3, nicolae_vaults_trapezoid_lopsided_1,
          nicolae_vaults_house_2, vaults_room_corners,
          layout_vaults_maze_snakey, uniq_boris
Vaults:4: nicolae_vaults_sightless_eye, nicolae_vaults_network_s,
          minmay_guarded_unrand_sword_of_power,
          ontoclasm_vaults_decontamination, nicolae_vaults_storage_room_glass,
          layout_vaults_quadrants, serial_shops, shop
Vaults:5: uniq_sojobo
Depths:1: layout_roguey, grunt_pan_entry_zigzag, abyss_entry,
          pf_hell_entry_tar_river, xom_redecorated, nicolae_lava_and_water,
          lemuel_flame_loot_1
Depths:2: cheibrodos_spurs, layout_cave_shapes,
          nicolae_hell_entry_big_baal_hell, ebering_ghost_disaster_area,
          rand_demon_pan_entry_8, serial_glass, glass_columns_c,
          glass_columns_a, glass_columns_a, glass_columns_a, glass_columns_b,
          glass_columns_c, glass_columns_b, glass_columns_a, glass_columns_a,
          glass_columns_c, glass_columns_b, glass_columns_c, glass_columns_a,
          glass_columns_a, infiniplex_staircase_zigzag_1, uniq_mara
Depths:3: minmay_four_inscribed_fans, layout_cave_shapes, pan_entry,
          serial_bayou_pond_e, hell_entry, abyss_entry_small_statue_room,
          minmay_misc_feat_encased, uniq_frederick
Depths:4: grunt_zot_entry_tricorne, layout_basic, enter_ziggurat_e, hellmouth_3,
          chequers_serial_rivers_small_3, serial_library,
          serial_library_hellmonk_small_alcove,
          serial_library_hellmonk_hallway_a,
          serial_library_hellmonk_narrow_alcove,
          serial_library_regret_index_split_case,
          serial_library_hellmonk_layered_room, grunt_decor_junction
Zot:1:    layout_cellular_growth
Zot:2:    layout_cathedral_of_symmetry, hangedman_zot_wheel_spokes, uniq_vv
Zot:3:    gammafunk_the_bubble [the_bubble_gammafunk_roulette],
          layout_onion_interference, gammafunk_ghost_split
Zot:4:    layout_gridlike, grunt_megastairs_2
Zot:5:    layout_basic, nicolae_zot_crop_circle

Skill      XL: |  1  2  3  4  5  6  7  8  9 10 11 12 13 14 15 16 17 18 19 20 21 22 23 24 25 26 |
---------------+-------------------------------------------------------------------------------+-----
Polearms       | 5 6 7 8 10 12 14 17 19 21 24 25 | 25.0
Fighting       | 3 4 5 7 9 10 12 13 15 16 18 19 22 23 | 23.1
Dodging        | 8 10 13 15 17 20 25 27 | 27.0
Shapeshifting  | 7 15 17 20 24 25 | 25.0
Shields        | 4 8 12 15 18 19 | 19.6
Stealth        | 7 10 | 10.8
Throwing       | |  2.0

Action                     |  1- 3 |  4- 6 |  7- 9 | 10-12 | 13-15 | 16-18 | 19-21 | 22-24 | 25-27 || total
---------------------------+-------+-------+-------+-------+-------+-------+-------+-------+-------++-------
  Melee: Trident           |   103 |   311 |   273 |       |       |       |       |       |       ||   687
         Punch             |       |     2 |     4 |     5 |       |       |       |       |       ||    11
         Tailslap          |       |     2 |       |     2 |     3 |    38 |       |     9 |       ||    54
         Demon trident     |       |       |    56 |   541 |  1171 |  1510 |  1301 |  1593 |   577 ||  6749
         Peck              |       |       |       |    23 |   220 |   204 |   309 |   218 |       ||   974
         Unarmed           |       |       |       |       |       |       |    12 |       |       ||    12
  Throw: Dart              |       |     1 |    11 |     7 |       |       |       |       |       ||    19
         Throwing net      |       |     1 |     4 |     1 |       |     4 |       |       |       ||    10
         Javelin           |       |     1 |     1 |       |       |       |       |       |       ||     2
 Invoke: Call Merchant     |       |       |       |     1 |     4 |     1 |     3 |       |       ||     9
         Potion Petition   |       |       |       |       |       |     1 |       |       |     3 ||     4
         Bribe Branch      |       |       |       |       |       |       |       |     1 |     2 ||     3
Ability: Evoke Invisibilit |       |       |       |       |     1 |       |       |       |       ||     1
  Evoke: Wand              |     1 |     4 |    13 |    16 |       |    36 |     1 |       |     2 ||    73
         Lightning rod     |       |       |       |       |       |    12 |     4 |     1 |       ||    17
         Box of beasts     |       |       |       |       |       |     1 |     1 |     1 |       ||     3
         Phantom mirror    |       |       |       |       |       |       |     1 |       |       ||     1
    Use: Scroll            |     3 |    11 |     3 |    22 |     7 |    21 |     5 |    17 |    14 ||   103
         Potion            |       |       |     2 |     8 |     3 |    18 |     8 |     8 |    11 ||    58
   Stab: Sleeping          |     2 |     8 |       |       |       |    38 |    52 |    35 |     7 ||   142
         Distracted        |       |       |     2 |     3 |     5 |    24 |    18 |    42 |     8 ||   102
         Held in net/web   |       |       |     4 |     1 |       |     1 |       |       |       ||     6
         Petrified         |       |       |       |       |     6 |       |       |       |       ||     6
         Invisible         |       |       |       |       |    23 |       |     2 |       |       ||    25
         Petrifying        |       |       |       |       |     2 |       |       |       |       ||     2
         Confused          |       |       |       |       |       |       |       |     6 |     5 ||    11
         Paralysed         |       |       |       |       |       |       |       |     3 |     4 ||     7
 Armour: Leather armour    |    37 |   117 |       |       |       |       |       |       |       ||   154
         Chain mail        |       |    21 |   223 |   148 |    81 |   137 |       |       |       ||   610
         Scale mail        |       |       |       |   129 |   327 |       |       |       |       ||   456
         Skin              |       |       |       |     5 |       |   796 |  1030 |   877 |   228 ||  2936
  Dodge: Dodged            |    47 |   172 |    92 |   247 |   303 |   729 |   827 |  1009 |   442 ||  3868
         Repelled          |       |       |       |       |       |       |       |    12 |    11 ||    23
  Block: Other             |       |       |       |    60 |       |       |       |       |       ||    60
         Reflection        |       |       |       |     8 |    42 |    55 |    41 |       |       ||   146
         Buckler           |       |       |       |    38 |   243 |       |       |       |       ||   281
         Kite shield       |       |       |       |       |    74 |  1391 |  1064 |   723 |       ||  3252
         Tower shield      |       |       |       |       |       |       |       |  1215 |   943 ||  2158
   Form: Statue            |       |       |       |       |       |     2 |       |       |       ||     2
                           |       |       |       |       |       |     1 |       |       |       ||     1

Table legend: (Time is in decaauts)
 A = Elapsed time spent in this place.
 B = Non-inter-level travel time spent in this place.
 C = Inter-level travel time spent in this place.
 D = Time resting spent in this place.
 E = Time spent auto-exploring this place.
 F = Levels seen in this place.
 G = Mean time per level.
                   A        B        C        D        E       F      G
               +--------+--------+--------+--------+--------+-----+--------+
         Total |  67792 |  61041 |   6751 |   4437 |  41430 |  62 | 1093.4 |
       Dungeon |  16137 |  13557 |   2580 |    945 |  10041 |  15 | 1075.8 |
        Temple |     30 |      9 |     21 |      0 |      0 |   1 |   30.0 |
          Lair |   7677 |   6969 |    708 |    779 |   4992 |   5 | 1535.4 |
        Shoals |   6210 |   5632 |    578 |    781 |   3473 |   4 | 1552.5 |
   Spider Nest |   7311 |   6872 |    439 |    528 |   4599 |   4 | 1827.8 |
  Orcish Mines |   2109 |   1819 |    290 |    151 |   1236 |   2 | 1054.5 |
   Elven Halls |   5060 |   3933 |   1127 |    262 |   2640 |   3 | 1686.7 |
        Vaults |  11909 |  11263 |    646 |    517 |   8143 |   5 | 2381.8 |
        Depths |   6832 |   6640 |    192 |     15 |   4372 |   4 | 1708.0 |
           Zot |   1731 |   1565 |    166 |     24 |    876 |   5 |  346.2 |
         Abyss |    578 |    578 |      0 |    154 |      0 |   3 |  192.7 |
      Ziggurat |    749 |    749 |      0 |      6 |    345 |   8 |   93.6 |
        Bazaar |    287 |    287 |      0 |      0 |    260 |   1 |  287.0 |
         Sewer |    536 |    536 |      0 |     54 |    282 |   1 |  536.0 |
      Gauntlet |    630 |    630 |      0 |    219 |    167 |   1 |  630.0 |
               +--------+--------+--------+--------+--------+-----+--------+

Top non-repeatable levels by time:
Vaults:3: 2811 daAuts
Vaults:1: 2602 daAuts
Spider:4: 2597 daAuts
Shoals:4: 2337 daAuts
Depths:2: 2328 daAuts
  Lair:5: 2237 daAuts
   Elf:3: 2218 daAuts
Vaults:4: 2212 daAuts
Vaults:5: 2153 daAuts
Vaults:2: 2130 daAuts
     D:9: 1905 daAuts
Spider:2: 1859 daAuts
   Elf:1: 1767 daAuts
  Lair:3: 1731 daAuts
    D:15: 1671 daAuts
